 Dungeon Crawl Stone Soup version 0.31-a0-154-g56bf346678 (webtiles) character file.

Game seed: 16422092304791687009

125001 Angani the Spear-Bearer (level 15, -6/120 (121) HPs)
             Began as a Demigod Conjurer on June 12, 2023.
             Mangled by a juggernaut skeleton (13 damage)
             ... on level 15 of the Dungeon.
             The game lasted 01:02:48 (33331 turns).

Angani the Spear-Bearer (Demigod Conjurer)         Turns: 33331, Time: 01:02:49

HP:   -6/120 (121)  AC: 23    Str: 15    XL:     15   Next: 93%
MP:   12/37         EV: 15    Int: 40    God:
Gold: 1162          SH:  0    Dex: 12    Spells: 4/26 levels left

rFire   + + +        x - +9 lance "Wyrmbane" {slay drac, rPois rF+ rC+ AC+3}
rCold   + . .        (no shield)
rNeg    . . .        y - +3 acid dragon scales
rPois   +            O - +1 helmet of Philately {Dex+3}
rElec   .            V - scarf {rC+ rF+}
rCorr   +            L - +0 pair of gloves of the Vaults {rF++ rC- rCorr MP+9 Dex-3}
SInv    +            u - +0 pair of boots
Will    .....        s - amulet "Caemposa" {Regen+ Str+7}
Stlth   +            I - +4 ring of protection
HPRegen 1.20/turn    g - ring of see invisible
MPRegen 0.25/turn

%: no passive effects
@: weak-willed, studying Dodging, lightly drained
A: high MP 1, forlorn, divine attributes
a: no special abilities


You were on level 15 of the Dungeon.
You visited 3 branches of the dungeon, and saw 22 of its levels.
You also visited: Bailey, Gauntlet and Ice Cave.

You collected 4307 gold pieces.
You spent 3145 gold pieces at shops.

Inventory:

Hand Weapons
 x - the +9 lance "Wyrmbane" (weapon) {slay drac, rPois rF+ rC+ AC+3}
   (You took it off Maggie on level 6 of the Dungeon)

   AC:        It affects your AC (+3).
   rF:        It protects you from fire.
   rC:        It protects you from cold.
   rPois:     It protects you from poison.
Missiles
 E - a throwing net
 U - 3 curare-tipped darts
Armour
 u - a +0 pair of boots (worn)
 y - +3 acid dragon scales (worn)
 L - the +0 pair of gloves of the Vaults (worn) {rF++ rC- rCorr MP+9 Dex-3}
   (You found it on level 2 of the Lair of Beasts)

   Dex:       It affects your dexterity (-3).
   rF:        It greatly protects you from fire.
   rC:        It makes you vulnerable to cold.
   MP:        It affects your magic capacity (+9).
   rCorr:     It protects you from acid and corrosion.
 O - the +1 helmet of Philately (worn) {Dex+3}
   (You found it in a Gauntlet)

   Dex:       It affects your dexterity (+3).
 V - a scarf of resistance (worn)
Jewellery
 g - a ring of see invisible (right hand)
 s - the amulet "Caemposa" (around neck) {Regen+ Str+7}
   (You bought it in a shop on level 2 of the Orcish Mines)

   [amulet of regeneration]

   Str:       It affects your strength (+7).
   Regen:     It increases your rate of health regeneration.
 t - a ring of wizardry
 B - a ring of protection from fire
 I - a +4 ring of protection (left hand)
 K - a ring of wizardry
 X - a ring of protection from cold
Wands
 a - a wand of roots (10)
 b - a wand of flame (36)
 n - a wand of paralysis (28)
 p - a wand of polymorph (14)
 D - a wand of digging (8)
 P - a wand of light (16)
 Q - a wand of mindburst (16)
Scrolls
 e - 2 scrolls of fog
 i - 2 scrolls of immolation
 k - 6 scrolls of teleportation
 l - a scroll of poison
 m - 6 scrolls of enchant weapon {unknown}
 q - 3 scrolls of vulnerability
 w - a scroll of silence
 A - 9 scrolls of fear {unknown}
 F - 2 scrolls of amnesia
 H - a scroll of torment
 N - a scroll of butterflies
Potions
 c - 4 potions of heal wounds
 d - 3 potions of attraction
 f - 3 potions of brilliance
 h - 10 potions of curing {unknown}
 j - 8 potions of ambrosia
 o - a potion of berserk rage
 v - 5 potions of might
 z - a potion of enlightenment
 C - 3 potions of haste
 G - 3 potions of mutation
 J - 4 potions of magic
 M - 2 potions of resistance
 R - 6 potions of cancellation
Miscellaneous
 r - a box of beasts
 S - a tin of tremorstones (2/2)
 T - a phial of floods


   Skills:
 + Level 7.9 Fighting
 - Level 12.0 Polearms
 - Level 4.0 Throwing
 + Level 7.9 Armour
 - Level 10.0 Dodging
 - Level 1.7 Stealth
 - Level 6.3 Spellcasting
 + Level 7.7 Conjurations
 - Level 6.0 Hexes
 - Level 8.4 Necromancy
 + Level 9.5 Earth Magic
 - Level 8.0 Poison Magic
 - Level 10.0 Evocations


You had 4 spell levels left.
You knew the following spells:

 Your Spells              Type           Power      Damage    Failure   Level
a - Magic Dart            Conj           100%       1d8       1%          1
b - Searing Ray           Conj           100%       2d8       1%          2
c - Fulminant Prism       Conj/Hex       30%        3d16      1%          4
d - Borgnjor's Vile Clut  Necr/Erth      35%        N/A       2%          5
e - Olgreb's Toxic Radia  Pois           67%        N/A       1%          4
f - Leda's Unmaking       Conj/Erth      34%        9d6       16%         6

Your spell library contained the following spells:

 Spells                   Type           Power      Damage    Failure   Level
 Sandblast                Erth           100%       2d20      1%          1
 Slow                     Hex            100%       N/A       1%          1
 Sting                    Tmut/Pois      100%       1d8       1%          1
 Passwall                 Tmut/Erth      41%        N/A       1%          2
 Poisonous Vapours        Pois/Air       88%        N/A       1%          2
 Confusing Touch          Hex            57%        N/A       1%          3
 Dazzling Flash           Conj/Hex       100%       N/A       1%          3
 Spider Form              Tmut/Pois      44%        N/A       1%          3
 Stone Arrow              Conj/Erth      100%       3d13      1%          3
 Tukima's Dance           Hex            57%        N/A       1%          3
 Vampiric Draining        Necr           69%        2d10      1%          3
 Leda's Liquefaction      Hex/Erth       33%        N/A       1%          4
 Beastly Appendage        Tmut           24%        N/A       3%          1
 Portal Projectile        Hex/Tloc       72%        N/A       3%          3
 Wereblood                Tmut           12%        N/A       4%          2
 Iskenderun's Mystic Bla  Conj/Tloc      43%        2d10      7%          4
 Ozocubu's Armour         Ice            12%        N/A       10%         3
 Lee's Rapid Deconstruct  Erth           36%        3d18*     1%          5
 Metabolic Englaciation   Hex/Ice        18%        N/A       26%         5
 Summon Mana Viper        Hex/Summ       36%        N/A       26%         5
 Statue Form              Tmut/Erth      33%        N/A       58%         6
 Blade Hands              Tmut           6%         N/A       67%         5
 Summon Forest            Summ/Tloc      6%         N/A       67%         5
 Simulacrum               Ice/Necr       23%        N/A       67%         6
 Conjure Ball Lightning   Conj/Air       21%        3x3d6     71%         6
 Summon Cactus Giant      Summ           6%         N/A       99%         6
 Ozocubu's Refrigeration  Ice            6%         4d8       100%        7
 Discord                  Hex            28%        N/A       100%        8
 Disjunction              Tloc           6%         N/A       100%        8
 Infestation              Necr           34%        N/A       100%        8


Dungeon Overview and Level Annotations

Branches:
Dungeon (15/15)            Temple (0/1) D:4            Lair (5/5) D:11
 Shoals (0/4) Lair:2        Snake (0/4) Lair:3        Slime (0/5) Lair:5
    Orc (2/2) D:9             Elf (0/3) Orc:2        Vaults (0/5) D:14
 Depths (0/4) D:15         Bailey (visited)           IceCv (visited)
Gauntlet (visited)

Shops:
D:15 [   Orc:2 (*[:([[[

Annotations:
Lair:2 2 transporters, exclusion: oklob plant, Picaen's ghost, journeyman DsNe


Innate Abilities, Weirdness & Mutations

You have an increased reservoir of magic. (+10% MP)
You shall have no god before yourself.
Your divine heritage dramatically boosts your attributes as you level up.


Message History

The vampire struggles to escape constriction.
Unknown command.
You closely miss the phantasmal warrior.
The zombie hands constrict the juggernaut skeleton.
The zombie hands constrict the vampire mage.
The zombie hands constrict the vampire.
Unknown command.
You puncture the phantasmal warrior!
The phantasmal warrior is moderately damaged.
The zombie hands constrict the juggernaut skeleton.
The zombie hands constrict the vampire mage.
The zombie hands constrict the vampire.
The vampire struggles to escape constriction.
The phantasmal warrior hits you!
Your willpower is stripped away!
You closely miss the phantasmal warrior.
The phantasmal warrior is moderately damaged.
The zombie hands constrict the juggernaut skeleton, but do no damage.
The zombie hands constrict the vampire mage!
You destroy the vampire mage!
The phantasmal warrior disappears in a puff of smoke!
The zombie hands lose their grip on the vampire.
The vampire disappears in a puff of smoke!
The zombie hands constrict the juggernaut skeleton.
The zombie hands release their grip on the juggernaut skeleton.
The juggernaut skeleton hits you!!!
* * * LOW HITPOINT WARNING * * *
The juggernaut skeleton hits you!!
* * * LOW HITPOINT WARNING * * *
Things that are here:
a +0 glaive; a +0 plate armour You are too injured to fight recklessly!
Things that are here:
a +0 dagger; a +0 robe; a +0 dire flail You see here a +0 dire flail.
You see here a +0 battleaxe.
The juggernaut skeleton attacks as you move away!
The juggernaut skeleton hits you!!
* * * LOW HITPOINT WARNING * * *
The juggernaut skeleton hits you!
You die...

#)..# ##.#......
#..##.#..# .
#.##### .# .
#.#.. #
#.#.####.###
#### #.#.#......
# #...
#Z#.#.##.##.#
####
#@#.#.#...#.#
#......._....
###.#.#...#.# ##
#.#.##.##.# ..
#.#.......# #.
#.####.####.# #.
#...........# #.
######.########.
#.....##...


You could see a juggernaut skeleton.

Vanquished Creatures
  Saint Roka (Orc:2)
  A frost giant (IceCv)
  3 orc warlords
  Nessos (D:15)
  A minotaur (Gauntlet)
  An ettin (Orc:1)
  Josephine (Lair:5)
  Snorg (D:14)
  A vault guard (D:14)
  5 hydras
  2 ogre magi (D:15)
  5 catoblepae
  5 centaur warriors
  A boulder beetle (D:14)
  10 two-headed ogres
  A tengu warrior (D:13)
  10 death yaks (Lair:5)
  A vampire mage (D:15)
  Urug (Lair:2)
  3 orc high priests
  Sonja (D:10)
  3 sixfirhies (Gauntlet)
  14 skeletal warriors
  A skyshark (Lair:3)
  Lodul (D:14)
  A death drake (Gauntlet)
  A harpy (shapeshifter) (D:13)
  4 orc knights
  5 orc sorcerers
  A deep elf pyromancer (D:14)
  A necromancer (D:15)
  11 ugly things
  A stone giant zombie (D:15)
  2 cyclopes
  3 manticores
  A merfolk siren (Lair:2)
  A salamander (shapeshifter) (D:14)
  3 black mambas
  3 centaur zombies (Gauntlet)
  2 ice statues
  13 cane toads
  Maggie (D:6)
  A gargoyle (D:14)
  A freezing wraith (D:15)
  7 komodo dragons
  An efreet (D:15)
  4 rime drakes
  An unseen horror (D:11)
  7 trolls
  A guardian mummy (D:15)
  15 polar bears
  A queen bee (Orc:1)
  14 blink frogs
  6 dream sheep (Lair:5)
  A hornet (D:8)
  A shadow (D:11)
  2 vampires (D:13)
  Sigmund (D:2)
  6 slime creatures
  13 wyverns
  11 humans (D:14)
  13 basilisks
  98 yaks
  6 wraiths
  Menkaure (D:4)
  4 vampire mosquitoes (D:11)
  6 wargs
  17 water moccasins
  An ice beast (D:7)
  2 sky beasts
  54 orc warriors
  16 ogres
  19 wolves
  12 centaurs
  13 bullfrogs
  3 kobold brigands
  4 scorpions
  3 wights (D:8)
  29 killer bees
  5 howler monkeys
  2 electric eels
  A hound (D:7)
  26 orc priests
  4 iguanas
  5 jellies
  2 sleepcaps
  3 gnoll boudas
  Ijyb (D:4)
  Terence (D:3)
  Natasha (thrice) (D:3)
  27 orc wizards
  10 hell rats (Lair:4)
  A boggart simulacrum (D:15)
  Robin (D:4)
  30 gnolls
  11 adders
  A shadow imp (D:5)
  14 white imps
  2 ufetubi
  A worm (D:2)
  3 dart slugs
  112 orcs
  5 bats
  6 endoplasms
  3 giant cockroaches
  32 goblins
  25 hobgoblins
  3 jackals (D:3)
  19 kobolds
  3 quokkas
  6 ball pythons
  4 frilled lizards
  7 rats
  5 butterflies
908 creatures vanquished.

Vanquished Creatures (others)
  An orc sorcerer (Orc:2)
  A rime drake (Gauntlet)
  A polar bear (IceCv)
  17 fulminant prisms
20 creatures vanquished.

Grand Total: 928 creatures vanquished

Notes
Turn   | Place    | Note
-------+----------+-------------------------------------------
     0 | D:1      | Angani the Demigod Conjurer began the quest for the Orb.
     0 | D:1      | Reached XP level 1. HP: 14/14 MP: 5/5
   471 | D:1      | Reached XP level 2. HP: 20/20 MP: 4/7
   474 | D:1      | Learned a level 2 spell: Searing Ray
  1143 | D:1      | Reached XP level 3. HP: 26/26 MP: 5/9
  1926 | D:2      | Noticed Sigmund
  1934 | D:2      | Killed Sigmund
  1935 | D:2      | Reached XP level 4. HP: 33/33 MP: 3/13
  1935 | D:2      | Reached XP level 5. HP: 38/38 MP: 3/14
  2491 | D:3      | Noticed Natasha
  2492 | D:3      | Noticed Terence
  2553 | D:3      | Killed Terence
  2661 | D:3      | Killed Natasha
  2662 | D:3      | Reached skill level 5 in Conjurations
  3031 | D:3      | Reached XP level 6. HP: 45/45 MP: 10/16
  3336 | D:3      | Noticed Natasha
  3342 | D:3      | Killed Natasha
  3438 | D:3      | Got the Papyrus of Changing Cadavers
  3448 | D:3      | Learned a level 4 spell: Fulminant Prism
  3454 | D:3      | Learned a level 5 spell: Borgnjor's Vile Clutch
  3914 | D:3      | Noticed Natasha
  3918 | D:3      | Killed Natasha
  4124 | D:4      | Found a staircase to the Ecumenical Temple.
  4377 | D:4      | Noticed Menkaure
  4387 | D:4      | Killed Menkaure
  4388 | D:4      | Reached skill level 5 in Spellcasting
  4388 | D:4      | Reached skill level 1 in Hexes
  4388 | D:4      | Reached skill level 1 in Necromancy
  4388 | D:4      | Reached skill level 1 in Earth Magic
  4388 | D:4      | Reached XP level 7. HP: 50/50 MP: 11/18
  4601 | D:4      | Learned a level 4 spell: Olgreb's Toxic Radiance
  4875 | D:4      | Noticed Ijyb
  4885 | D:4      | Killed Ijyb
  4911 | D:4      | HP: 2/50 [orc wizard/magic dart (7)]
  5348 | D:4      | Noticed Robin
  5356 | D:4      | Killed Robin
  5716 | D:5      | Entered Level 5 of the Dungeon
  5740 | D:5      | Identified the ring of the Wary Lies {rCorr Str+3 Slay+2}
  5958 | D:5      | Reached skill level 1 in Poison Magic
  6897 | D:6      | Noticed Maggie
  6917 | D:6      | Killed Maggie
  6918 | D:6      | Reached XP level 8. HP: 26/57 MP: 4/20
  8024 | D:6      | Identified the +0 leather armour "Ucvar" {rPois rN+}
  9300 | D:7      | Reached XP level 9. HP: 58/62 MP: 15/22
 10226 | D:8      | Noticed a two-headed ogre
 10301 | D:8      | Killed a two-headed ogre
 10686 | D:8      | Reached skill level 5 in Hexes
 10961 | D:9      | Reached skill level 5 in Earth Magic
 11008 | D:9      | Reached skill level 5 in Necromancy
 11133 | D:9      | Noticed a centaur warrior
 11140 | D:9      | Killed a centaur warrior
 11141 | D:9      | Reached skill level 5 in Poison Magic
 11141 | D:9      | Reached XP level 10. HP: 44/69 MP: 9/23
 11420 | D:9      | Found a staircase to the Orcish Mines.
 11711 | D:9      | Identified a scroll of acquirement
 11872 | D:10     | Entered Level 10 of the Dungeon
 11968 | D:10     | Found a flagged portal.
 11978 | Bailey   | Entered a bailey
 12409 | Bailey   | Noticed an orc warlord
 12417 | Bailey   | Killed an orc warlord
 12497 | Bailey   | Reached skill level 5 in Fighting
 12497 | Bailey   | Reached skill level 5 in Armour
 12497 | Bailey   | Reached XP level 11. HP: 88/88 MP: 24/24
 12522 | Bailey   | Acquired 1058 gold pieces
 13200 | D:10     | Noticed Sonja
 13210 | D:10     | Killed Sonja
 13327 | D:10     | Reached XP level 12. HP: 81/94 MP: 5/25
 13911 | D:11     | Found a staircase to the Lair.
 15464 | Lair:1   | Entered Level 1 of the Lair of Beasts
 15482 | Lair:1   | Reached skill level 1 in Polearms
 15482 | Lair:1   | Reached skill level 1 in Evocations
 15794 | Lair:1   | Reached skill level 2 in Polearms
 16305 | Lair:1   | Reached skill level 3 in Polearms
 16721 | Lair:2   | Reached skill level 4 in Polearms
 17093 | Lair:2   | Noticed Picaen's ghost (journeyman DsNe)
 17099 | Lair:2   | Noticed a seven-headed hydra
 17138 | Lair:2   | Found a transporter.
 17187 | Lair:2   | Found a transporter.
 17202 | Lair:2   | Identified the +0 pair of gloves of the Vaults {rF++ rC-
                  | rCorr MP+9 Dex-3}
 17322 | Lair:2   | Reached skill level 5 in Evocations
 17364 | Lair:2   | Found a staircase to the Shoals.
 17376 | Lair:2   | Reached skill level 5 in Polearms
 17765 | Lair:2   | Noticed Urug
 17773 | Lair:2   | Killed Urug
 17774 | Lair:2   | Reached XP level 13. HP: 100/100 MP: 16/26
 18459 | Lair:3   | Reached skill level 6 in Polearms
 19142 | Lair:3   | Found a staircase to the Snake Pit.
 19461 | Lair:4   | Found a gate leading to a gauntlet.
 19469 | Gauntlet | Entered a Gauntlet
 19469 | Gauntlet | Found a transporter.
 19469 | Gauntlet | Found a transporter.
 19470 | Gauntlet | Found a transporter.
 19470 | Gauntlet | Found a transporter.
 19473 | Gauntlet | Found a transporter.
 19473 | Gauntlet | Found a transporter.
 19483 | Gauntlet | Found a transporter.
 19487 | Gauntlet | Found a transporter.
 19497 | Gauntlet | Found a transporter.
 19504 | Gauntlet | Found a transporter.
 19521 | Gauntlet | Found a transporter.
 19525 | Gauntlet | Found a transporter.
 19793 | Gauntlet | Identified the +1 helmet of Philately {Dex+3}
 19825 | Gauntlet | Reached skill level 7 in Polearms
 20192 | Gauntlet | Identified the amulet of Fifuywkoxt {Regen+ Str+2 Dex+3}
 20211 | Gauntlet | Noticed a minotaur
 20219 | Gauntlet | Killed a minotaur
 20333 | Lair:3   | Reached skill level 8 in Polearms
 21473 | Lair:5   | Entered Level 5 of the Lair of Beasts
 21533 | Lair:5   | Identified the +9 dagger of Trial by Ordeal {speed, rCorr}
 21739 | Lair:5   | Reached skill level 9 in Polearms
 22262 | Lair:5   | Found a staircase to the Slime Pits.
 22311 | Lair:5   | Reached XP level 14. HP: 106/107 MP: 26/27
 22506 | Lair:5   | Noticed Josephine
 22516 | Lair:5   | Killed Josephine
 23290 | Lair:5   | Reached skill level 10 in Polearms
 23290 | Lair:5   | Reached skill level 10 in Evocations
 23552 | Lair:5   | Reached skill level 1 in Throwing
 24347 | Lair:5   | Identified the staff of air "Wotzaer" {rElec rF+ Will+
                  | Str+2 Stlth-}
 24595 | Orc:1    | Entered Level 1 of the Orcish Mines
 25859 | Orc:2    | Entered Level 2 of the Orcish Mines
 25881 | Orc:2    | Noticed Saint Roka
 26309 | Orc:2    | Found Utamag's Antique Armour Emporium.
 26407 | Orc:2    | Found Gikuxu's General Store.
 26429 | Orc:2    | Bought a scroll of identify for 28 gold pieces
 26486 | Orc:2    | Found Coiczag's Book Boutique.
 26495 | Orc:2    | Bought a manual of Dodging for 880 gold pieces
 26647 | Orc:2    | Reached skill level 11 in Polearms
 26702 | Orc:2    | Reached skill level 5 in Dodging
 26940 | Orc:2    | Found Iferuk's Weapon Boutique.
 27100 | Orc:2    | Found Bigajio's Antique Armour Boutique.
 27316 | Orc:2    | Found a staircase to the Elven Halls.
 27337 | Orc:2    | Noticed an orc warlord
 27341 | Orc:2    | Killed Saint Roka
 27411 | Orc:2    | Killed an orc warlord
 27594 | Orc:2    | Found Oluo's Antique Armour Shop.
 27717 | Orc:2    | Found Lorphyis's Antique Weapon Emporium.
 27723 | Orc:2    | Found Taytz's Antique Armour Shoppe.
 27736 | Orc:2    | Bought a pair of crude boots for 389 gold pieces
 27736 | Orc:2    | Identified the +4 pair of boots "Derhaif" {Rampage rPois
                  | Str-3} (You bought it in a shop on level 2 of the Orcish
                  | Mines)
 27818 | Orc:2    | Bought the amulet "Caemposa" {Regen+ Str+7} for 723 gold
                  | pieces
 27868 | Orc:2    | Bought a transparent plate armour for 504 gold pieces
 27868 | Orc:2    | Identified the +0 plate armour "Nidghuim" {rN+ Regen+
                  | Str+4} (You bought it in a shop on level 2 of the Orcish
                  | Mines)
 27869 | Orc:2    | Bought a heavily runed leather armour for 126 gold pieces
 27869 | Orc:2    | Identified the +1 leather armour of the Cicada {Will-
                  | Int+7} (You bought it in a shop on level 2 of the Orcish
                  | Mines)
 27870 | Orc:2    | Bought a jewelled chain mail for 171 gold pieces
 27870 | Orc:2    | Identified the +8 chain mail "Ymeol" {rElec rN+ Str-3
                  | Int+5} (You bought it in a shop on level 2 of the Orcish
                  | Mines)
 29098 | D:13     | You fall into a shaft and drop 2 floors!
 29098 | D:15     | Entered Level 15 of the Dungeon
 29143 | D:14     | Noticed an orc warlord
 29163 | D:14     | Killed an orc warlord
 29164 | D:14     | Reached XP level 15. HP: 98/113 MP: 11/28
 29224 | D:13     | Found a frozen archway.
 29242 | IceCv    | Entered an ice cave
 29296 | IceCv    | Reached skill level 12 in Polearms
 29934 | IceCv    | Identified the staff of poison "Goifry" {rElec rPois Str-4
                  | Dex+3}
 29939 | IceCv    | Identified the ring "Micor" {rPois Str+6}
 30211 | D:13     | Identified the +0 ring mail of Duty {Fly}
 30499 | D:13     | Reached skill level 10 in Dodging
 30800 | D:13     | Learned a level 6 spell: Leda's Unmaking
 30986 | D:14     | Identified the +10 dagger of Osybits {flame, Str+3}
 31086 | D:14     | Found a gate to the Vaults.
 31748 | D:14     | Noticed Lodul
 31753 | D:14     | Noticed Snorg
 31770 | D:14     | Killed Lodul
 31777 | D:14     | Killed Snorg
 32584 | D:15     | Found Powiuden's Antique Armour Shoppe.
 32746 | D:15     | Bought a warped ring mail for 324 gold pieces
 32746 | D:15     | Identified the +1 ring mail of Zyqistr Habre {rC+ Int+4}
                  | (You bought it in a shop on level 15 of the Dungeon)
 33083 | D:15     | Noticed Nessos
 33086 | D:15     | Killed Nessos
 33219 | D:15     | Found a staircase to the Depths.
 33331 | D:15     | Mangled by a juggernaut skeleton

Illustrated notes

Levels and vault maps discovered:
D:1:      dpeg_arrival_prison, layout_basic, shapermc_ecumenical_altar_acropolis
D:2:      layout_rooms, serial_glass, glass_columns_c, glass_columns_a,
          guppyfry_early_orc_mine, uniq_sigmund
D:3:      minmay_skewed_foursquare, layout_basic, elyvilon_altar_3,
          amcnicky_altar_gilded, uniq_natasha, uniq_terence
D:4:      layout_basic, minmay_temple_entry_sparse_star, uniq_robin, uniq_ijyb,
          uniq_menkaure
D:5:      layout_loops_ring
D:6:      cheibrodos_thug_alley, layout_layer_cave,
          mainiacjoe_overflow_alcove_4, uniq_maggie
D:7:      layout_loops_corners, amethyst_overflow_temple_binary
D:8:      layout_rooms
D:9:      layout_basic, orc_0_dummy
D:10:     layout_loops_corners, mainiacjoe_overflow_24_doors, enter_bailey_5,
          uniq_sonja
D:11:     layout_gridville, lair_entry_dummy,
          nicolae_kikubaaqudgha_miasma_corner
D:12:     layout_basic
D:13:     layout_gridville, portal_ice_cave_entry_imps
D:14:     orc_temple, layout_rooms, ximxim_vaults_locker_room,
          lemuel_blue_sif_altar, fountainhead, dreamdust_wishing_well,
          uniq_snorg, uniq_lodul
D:15:     gammafunk_depths_entry_grave, layout_loops_ring, serial_shops,
          nicolae_shop_tiny_waterfront, nicolae_ru_sacrificial_ziggurat,
          fedhas_altar_1, uniq_roxanne, uniq_nessos
Lair:1:   layout_misc_corridors, lemuel_fruit_fields, grunt_megastairs_3
Lair:2:   layout_regular_city, minmay_shoals_entry_lonely_mermaid,
          nzn_ghost_randoct, uniq_urug
Lair:3:   layout_chaotic_city, dummy_snake_entry,
          chequers_serial_rivers_small_3, lemuel_fruit_fields
Lair:4:   layout_roguey [special_room_mythical_zoo], gauntlet_entry_generic,
          nicolae_quartered_pool_little, infiniplex_staircase_pool_2,
          grunt_megastairs_5
Lair:5:   evilmike_catoblepas_cave, layout_layer_cave,
          minmay_slime_entry_pillars, uniq_josephine
Orc:1:    layout_diamond_mine, special_room [special_room_bee], basic_altar,
          nicolae_orc_crystal_geode
Orc:2:    grunt_orc_community_town_hall, layout_diamond_mine,
          grunt_orc_community_big_house_2, grunt_orc_community_big_house_1,
          grunt_orc_community_house_2, grunt_orc_community_house_1,
          grunt_orc_community_house_3, grunt_orc_community_house_2,
          serial_shops, nicolae_shop_scrapyard, nicolae_shop_mannequins,
          nicolae_shop_stone, nicolae_shop_back_alley_shop, uniq_saint_roka

Skill      XL: |  1  2  3  4  5  6  7  8  9 10 11 12 13 14 15 |
---------------+----------------------------------------------+-----
Spellcasting   | 2 4 5 6 |  6.3
Conjurations   | 4 5 6 7 |  7.7
Hexes          | 1 2 3 5 6 |  6.0
Necromancy     | 1 2 3 5 6 7 8 |  8.4
Earth Magic    | 1 2 3 5 6 7 8 9 |  9.5
Poison Magic   | 2 3 5 6 7 8 |  8.0
Fighting       | 5 7 |  7.9
Armour         | 5 7 |  7.9
Polearms       | 5 9 11 12 | 12.0
Evocations     | 5 9 10 | 10.0
Dodging        | 8 10 | 10.0
Throwing       | 4 |  4.0
Stealth        | |  1.7

Action                     |  1- 3 |  4- 6 |  7- 9 | 10-12 | 13-15 || total
---------------------------+-------+-------+-------+-------+-------++-------
  Melee: Unarmed           |     5 |       |    19 |       |       ||    24
         Punch             |       |       |     1 |     2 |    13 ||    16
         Lance             |       |       |    32 |   184 |  1096 ||  1312
   Cast: Magic Dart        |    30 |    13 |     5 |       |       ||    48
         Searing Ray       |    23 |    38 |    94 |    28 |       ||   183
         Olgreb's Toxic Ra |       |       |     7 |    72 |   253 ||   332
         Borgnjor's Vile C |       |       |     1 |    23 |   148 ||   172
         Fulminant Prism   |       |       |       |     3 |    14 ||    17
         Leda's Unmaking   |       |       |       |       |     8 ||     8
  Evoke: Wand              |       |       |     3 |       |     6 ||     9
         Phial of floods   |       |       |       |       |     2 ||     2
         Tin of tremorston |       |       |       |       |     2 ||     2
    Use: Scroll            |       |       |     7 |    14 |    15 ||    36
         Potion            |       |       |     3 |     1 |     1 ||     5
   Stab: Paralysed         |       |       |    14 |       |       ||    14
         Petrifying        |       |       |       |       |     2 ||     2
         Invisible         |       |       |       |       |     1 ||     1
 Armour: Robe              |     3 |     4 |     7 |       |       ||    14
         Acid dragon scale |       |       |    65 |   105 |   386 ||   556
  Dodge: Dodged            |    12 |    30 |    88 |    90 |   439 ||   659

Table legend: (Time is in decaauts)
 A = Elapsed time spent in this place.
 B = Non-inter-level travel time spent in this place.
 C = Inter-level travel time spent in this place.
 D = Time resting spent in this place.
 E = Time spent auto-exploring this place.
 F = Levels seen in this place.
 G = Mean time per level.
                   A        B        C        D        E       F      G
               +--------+--------+--------+--------+--------+-----+--------+
         Total |  32958 |  31674 |   1284 |   7499 |  18813 |  25 | 1318.3 |
       Dungeon |  19424 |  18677 |    747 |   3457 |  12716 |  15 | 1294.9 |
          Lair |   8176 |   7795 |    381 |   2244 |   4210 |   5 | 1635.2 |
  Orcish Mines |   3239 |   3084 |    155 |    835 |   1645 |   2 | 1619.5 |
        Bailey |    561 |    561 |      0 |    276 |      0 |   1 |  561.0 |
      Ice Cave |    767 |    767 |      0 |    320 |    103 |   1 |  767.0 |
      Gauntlet |    789 |    789 |      0 |    367 |    139 |   1 |  789.0 |
               +--------+--------+--------+--------+--------+-----+--------+

Top non-repeatable levels by time:
  Lair:5: 2910 daAuts
     D:6: 1934 daAuts
   Orc:2: 1805 daAuts
     D:4: 1755 daAuts
    D:11: 1668 daAuts
     D:3: 1617 daAuts
  Lair:2: 1498 daAuts
  Lair:3: 1494 daAuts
    D:10: 1441 daAuts
   Orc:1: 1433 daAuts
    D:14: 1420 daAuts
     D:1: 1409 daAuts
  Lair:1: 1271 daAuts
     D:7: 1213 daAuts
    D:12: 1134 daAuts
